 Dungeon Crawl Stone Soup version 0.20-a0-823-gdec668e (webtiles) character file.

1232 Gorglomux the Covert (level 8, 0/42 HPs)
             Began as a Vine Stalker Assassin on Mar 5, 2017.
             Was a Believer of Ashenzari.
             Succumbed to a killer bee's poison
             ... on level 5 of the Dungeon.
             The game lasted 00:17:18 (5694 turns).

Gorglomux the Covert (Vine Stalker Assassin)        Turns: 5694, Time: 00:17:19

Health: 0/42       AC:  6    Str: 20    XL:     8   Next: 48%
Magic:  8/9        EV: 16    Int: 11    God:    Ashenzari [**....]
Gold:   238        SH:  0    Dex: 22    Spells: 7/7 levels left

rFire    . . .     SeeInvis .   f - +1 dagger (vamp) {!w}
rCold    . . .     Gourm    .   y - +0 troll leather armour {Purgy}
rNeg     . . .     Faith    .   (no shield)
rPois    .         Spirit   +   m - +0 helmet
rElec    .         Reflect  .   d - +0 cloak
rCorr    +         Harm     .   (no gloves)
MR       +....                  (no boots)
Stlth    ++++++....             (no amulet)
Regen    1.0/turn               (no ring)
MPRegen  0.2/turn               n - ring of resist corrosion

@: mighty, agile, lethally poisoned (0 -> -8)
A: fangs 3, regeneration 1, magic shield, antimagic bite, no potion heal 3, rot
immunity
a: Curse Item, Scrying, Renounce Religion


You were on level 5 of the Dungeon.
You worshipped Ashenzari.
Ashenzari was pleased with you.
You were not hungry.

You visited 1 branch of the dungeon, and saw 5 of its levels.
You also visited: Sewer.

You collected 238 gold pieces.

Inventory:

Hand Weapons
 a - a +2 dagger
 b - a +0 blowgun
 f - a +1 vampiric dagger (weapon) {!w}
   (You took it off Dowan on level 4 of the Dungeon)
Missiles
 e - 27 poisoned needles
 q - a throwing net {=f, !d}
 F - 2 curare-tipped needles
Armour
 c - a +0 robe
 d - a +0 cloak (worn)
 k - a +2 robe of magic resistance
   (You took it off Dowan on level 4 of the Dungeon)
 m - a +0 helmet (worn)
   (You found it on level 2 of the Dungeon)
 t - a +0 helmet
   (You took it off Robin on level 3 of the Dungeon)
 y - a +0 troll leather armour (worn) {Purgy}
   (You found it in a sewer)
Jewellery
 n - a ring of resist corrosion (left hand)
   (You found it on level 2 of the Dungeon)
Scrolls
 l - 3 scrolls of teleportation {unknown}
 o - 2 scrolls of random uselessness {unknown}
 s - a scroll of amnesia {unknown}
 v - a scroll of fear {unknown}
 B - a scroll of blinking {unknown}
 C - a scroll of immolation {unknown}
Potions
 p - a potion of might
 r - 4 potions of heal wounds
 u - 3 potions of degeneration {!q}
 w - a potion of haste {unknown}
 z - 2 potions of flight
 A - a potion of brilliance {unknown}
Books
 x - a book of Minor Magic
   (You found it on level 4 of the Dungeon)
Comestibles
 g - 4 bread rations {@e1@e1}
 h - 2 chunks of flesh {@w0@w0}
 i - 2 royal jellies
 j - 2 meat rations {@e2@e2}


   Skills:
 - Level 4.0 Fighting
 + Level 6.0 Short Blades
 - Level 2.0 Throwing
 - Level 0.8 Dodging
 + Level 9.6 Stealth


You had 7 spell levels left.
You didn't know any spells.

Dungeon Overview and Level Annotations

Branches:
Dungeon (5/15)             Temple (0/1) D:4

Altars:
Ashenzari
Cheibriados
Dithmenos
Elyvilon
Gozag
Hepliaklqana
Kikubaaqudgha
Qazlal
Ru
Yredelemnul


Innate Abilities, Weirdness & Mutations

You have razor-sharp teeth.
Your natural rate of healing is unusually fast.
When hurt, damage is shared between your health and your magic reserves.
Your bite disrupts and absorbs the magic of your enemies.
Potions cannot restore your health.
You are immune to rotting.


Message History

The killer bee misses you.
The killer bee stings you but does no damage.
The killer bee barely misses you. The killer bee closely misses you.
The killer bee misses you. The killer bee stings you.
You take 2 damage, and have 37/42 hp.
The killer bee stings you but does no damage.
The killer bee stings you.
The killer bee stings you but does no damage.
The killer bee barely misses you.
You take 2 damage, and have 36/42 hp.
The killer bee closely misses you. The killer bee stings you.
The killer bee completely misses you. The killer bee closely misses you. x2
You take 3 damage, and have 34/42 hp.
You now have 7/9 mp.
The killer bee stings you. x2
You take 6 damage, and have 28/42 hp.
You hit the killer bee.
You feel better.
Your bite misses the killer bee. The killer bee closely misses you.
The killer bee stings you.
You take 1 damage, and have 28/42 hp.
You now have 7/9 mp.
The killer bee closely misses you. The killer bee misses you.
The killer bee barely misses you. The killer bee stings you.
You take 1 damage, and have 28/42 hp.
The killer bee stings you but does no damage.
You hit the killer bee. Your bite misses the killer bee.
The killer bee closely misses you.
The killer bee stings you but does no damage.
You closely miss the killer bee.
The killer bee stings you but does no damage.
You closely miss the killer bee.
You bite the killer bee, but do no damage.
The killer bee stings you.
You are poisoned.
The killer bee poisons you!
You take 4 damage, and have 26/42 hp.
You now have 6/9 mp.
You barely miss the killer bee.
You feel sick.
The killer bee stings you but does no damage.
The killer bee stings you. The killer bee closely misses you.
You take 4 damage, and have 22/42 hp.
You now have 4/9 mp.
You miss the killer bee. Your bite misses the killer bee.
You feel sick. The killer bee barely misses you. The killer bee stings you!
The killer bee closely misses you.
You take 7 damage, and have 15/42 hp.
You now have 3/9 mp.
Unknown command.
You feel very mighty all of a sudden. The killer bee closely misses you.
The killer bee stings you. The killer bee barely misses you.
The killer bee stings you but does no damage.
You take 2 damage, and have 13/42 hp.
You now have 2/9 mp.
You feel agile all of a sudden.
You feel sick. The killer bee closely misses you. The killer bee misses you.
The killer bee stings you.
* * * LOW HITPOINT WARNING * * *
You are more poisoned.
The killer bee poisons you! The killer bee stings you.
* * * LOW HITPOINT WARNING * * *
You take 5 damage, and have 8/42 hp.
You are confused.
Your system rejects the healing.
You feel invigorated.
You feel sick. The killer bee closely misses you. x3
The killer bee stings you but does no damage.
You regained 5 mp, and now have 7/9 mp.
You bump into the rock wall.
You feel sick. The killer bee stings you.
* * * LOW HITPOINT WARNING * * *
You are more poisoned.
The killer bee poisons you! The killer bee barely misses you. x3
You take 1 damage, and have 7/42 hp.
You closely miss the killer bee. Your bite misses the killer bee.
You feel sick. The killer bee barely misses you. The killer bee stings you.
* * * LOW HITPOINT WARNING * * *
You are lethally poisoned!
The killer bee poisons you! The killer bee closely misses you.
You take 3 damage, and have 4/42 hp.
You now have 6/9 mp.
You're too confused to move!
* * * LOW HITPOINT WARNING * * *
You feel sick. The killer bee stings you.
You are more poisoned.
The killer bee poisons you! The killer bee barely misses you.
The killer bee closely misses you. x2
You take 1 damage, and have 3/42 hp.
You regained 2 mp, and now have 8/9 mp.
You barely miss the killer bee. You bite the killer bee! You drain its power.
You feel invigorated.
* * * LOW HITPOINT WARNING * * *
You feel sick. The killer bee closely misses you.
The killer bee barely misses you. The killer bee misses you.
You take 1 damage, and have 2/42 hp.
MP restored: 9 Unknown command.
You bump into the rock wall.
* * * LOW HITPOINT WARNING * * *
You feel sick. The killer bee closely misses you.
The killer bee barely misses you.
The killer bee stings you but does no damage.
The killer bee stings you.
You take 1 damage, and have 1/42 hp.
You now have 5/9 mp.
Unknown command.
You bump into the rock wall.
You feel less invigorated.
You feel less confused.
You die...

#.# #..........#.##.####.###'....
..# #........###.##......##......
### #....#.#.###.##########......
#....'.#...........####...... ##
#....#######.#.....#..#.+#### .#
#....#### #.#.....#.....#
.####.>.....####.#.....#.....#
............##.y......(#.....#
........#...##.#@#######.....###
.....##.#...##.#y##.####.......##
................y................
.....##.#...####.##.......#.##.#.
........+(..+..#.######..#..##...
.................................
.....####...##.#.....#...+.<..###
.....# #...##.#######.#.#....###
##+### ######,, ,..#..........#


You could see 3 killer bees.

Vanquished Creatures
  A phantom (D:4)
  Duvessa (D:4)
  Purgy (Sewer)
  An ogre (D:5)
  Blork the orc (D:4)
  Dowan (D:4)
  A scorpion (D:4)
  2 crimson imps (D:5)
  A jelly (D:5)
  A hound (D:5)
  A gnoll shaman (D:4)
  An orc priest (D:3)
  An orc wizard (D:3)
  Terence (D:3)
  2 iguanas (D:4)
  2 worker ants
  A hound skeleton (D:4)
  A worker ant zombie (D:2)
  Robin (D:3)
  2 gnolls (D:4)
  4 river rats (D:4)
  11 adders
  An adder zombie (D:4)
  An ooze (D:3)
  3 adder skeletons
  2 worms
  5 leopard geckos
  14 orcs
  5 giant cockroaches
  14 goblins
  11 hobgoblins
  17 jackals
  4 quokkas
  4 ball pythons
  9 bats
  8 frilled lizards
  A giant cockroach zombie (D:2)
  A jackal skeleton (D:5)
  11 kobolds
  A leopard gecko zombie (D:2)
  A quokka zombie (D:2)
  12 rats
164 creatures vanquished.

Vanquished Creatures (others)
  A plant (D:2)
1 creature vanquished.

Grand Total: 165 creatures vanquished

Notes
Turn   | Place    | Note
-------+----------+-------------------------------------------
     0 | D:1      | Gorglomux the Vine Stalker Assassin began the quest for the Orb.
     0 | D:1      | Reached XP level 1. HP: 11/11 MP: 2/2
    33 | D:1      | Found a shattered altar of Ashenzari.
    55 | D:1      | Became a worshipper of Ashenzari the Shackled
    81 | D:1      | Reached skill level 2 in Throwing
   335 | D:1      | Reached skill level 2 in Fighting
   335 | D:1      | Reached XP level 2. HP: 15/15 MP: 3/3
   371 | D:1      | Reached skill level 5 in Stealth
   844 | D:1      | Reached skill level 2 in Short Blades
  1121 | D:2      | HP: 2/15 [worm (7)]
  1138 | D:2      | Reached XP level 3. HP: 3/18 MP: 1/4
  1951 | D:2      | Gained mutation: Your natural rate of healing is unusually fast. [Vine Stalker growth]
  1951 | D:2      | Reached XP level 4. HP: 23/23 MP: 5/5
  2100 | D:2      | Reached * piety under Ashenzari
  2357 | D:2      | Reached XP level 5. HP: 23/28 MP: 6/6
  2485 | D:2      | Reached skill level 6 in Stealth
  2536 | D:2      | Reached skill level 3 in Fighting
  2751 | D:2      | Reached skill level 3 in Short Blades
  2856 | D:3      | Noticed Terence
  2858 | D:3      | Killed Terence
  3000 | D:3      | Reached XP level 6. HP: 31/32 MP: 7/7
  3460 | D:3      | Found a snail-covered altar of Cheibriados.
  3460 | D:3      | Found an ancient bone altar of Kikubaaqudgha.
  3499 | D:3      | Noticed Robin
  3524 | D:3      | Killed Robin
  3663 | D:4      | Reached skill level 7 in Stealth
  3810 | D:4      | Reached skill level 4 in Fighting
  3873 | D:4      | Found a glowing drain.
  3901 | D:4      | HP: 5/33 [river rat (6)]
  3924 | D:4      | HP: 6/33 [river rat (6)]
  4010 | Sewer    | Entered a sewer
  4053 | Sewer    | Noticed Purgy
  4079 | Sewer    | Killed Purgy
  4079 | Sewer    | Reached skill level 4 in Short Blades
  4079 | Sewer    | Reached XP level 7. HP: 37/37 MP: 8/8
  4195 | D:4      | Found a white marble altar of Elyvilon.
  4261 | D:4      | Found a stormy altar of Qazlal.
  4399 | D:4      | Reached ** piety under Ashenzari
  4631 | D:4      | Found a staircase to the Ecumenical Temple.
  4636 | D:4      | Noticed Blork the orc
  4654 | D:4      | Killed Blork the orc
  4654 | D:4      | Reached skill level 8 in Stealth
  4788 | D:4      | Found a basalt altar of Yredelemnul.
  4790 | D:4      | Found a shadowy altar of Dithmenos.
  4791 | D:4      | Found a sacrificial altar of Ru.
  4923 | D:4      | Reached skill level 5 in Short Blades
  4937 | D:4      | Noticed Dowan
  4979 | D:4      | Noticed Duvessa
  4993 | D:4      | Killed Duvessa
  4993 | D:4      | Gained mutation: You have razor-sharp teeth. [Vine Stalker growth]
  4993 | D:4      | Reached XP level 8. HP: 25/42 MP: 4/9
  5000 | D:4      | HP: 5/42 [Dowan/shard of ice (13)]
  5046 | D:4      | Killed Dowan
  5046 | D:4      | Reached skill level 9 in Stealth
  5287 | D:5      | Entered Level 5 of the Dungeon
  5322 | D:5      | Found an opulent altar of Gozag.
  5558 | D:5      | Found a hazy altar of Hepliaklqana.
  5614 | D:5      | Reached skill level 6 in Short Blades
  5687 | D:5      | HP: 8/42 [killer bee (3)]
  5691 | D:5      | HP: 3/42 [poisoned by a killer bee]
  5693 | D:5      | HP: 1/42 [poisoned by a killer bee]
  5694 | D:5      | Succumbed to a killer bee's poison

Vault maps used:
D:1:      dpeg_arrival_ternary, nicolae_ashenzari_panopticon
D:2:      wad_pebble_path, serial_undead, serial_undead_c, serial_undead_e,
          serial_undead_c, serial_undead_c, lexackson_kobold_supper
D:3:      amethyst_overflow_temple_binary, first_bread, st_stairs_7,
          uniq_terence, uniq_robin
D:4:      kennysheep_mini_moat, gammafunk_temple_overflow_forgotten,
          minmay_temple_entry_junction, portal_sewer_entry_e,
          grunt_qazlal_clouds, uniq_blork_the_orc, uniq_duvessa
D:5:      lemuel_doored_altar, grunt_gozag_statues
Sewer:    sewer_co_purgy_island

Skill      XL: |  1  2  3  4  5  6  7  8 |
---------------+-------------------------+-----
Throwing       | 2 |  2.0
Fighting       | 2 3 4 |  4.0
Stealth        | 5 6 7 8 9 |  9.6
Short Blades   | 2 3 4 5 6 |  6.0
Dodging        | |  0.8

Action                   |  1- 3 |  4- 6 |  7- 9 || total
-------------------------+-------+-------+-------++-------
Melee: Dagger            |    95 |   362 |   210 ||   667
       Bite              |    25 |   113 |    58 ||   196
 Fire: Blowgun           |     6 |       |    17 ||    23
  Use: Scroll            |       |     4 |     3 ||     7
       Potion            |       |       |     4 ||     4
 Stab: Sleeping          |    12 |    15 |    11 ||    38
  Eat: Chunk             |     3 |     7 |     5 ||    15
       Meat ration       |       |       |     1 ||     1
Armor: Robe              |    15 |    73 |       ||    88
       Troll leather arm |       |       |    49 ||    49
       Skin              |       |       |    22 ||    22
Dodge: Dodged            |    39 |   191 |   120 ||   350

Vault maps used:
D:1:      dpeg_arrival_ternary, nicolae_ashenzari_panopticon
D:2:      wad_pebble_path, serial_undead, serial_undead_c, serial_undead_e,
          serial_undead_c, serial_undead_c, lexackson_kobold_supper
D:3:      amethyst_overflow_temple_binary, first_bread, st_stairs_7,
          uniq_terence, uniq_robin
D:4:      kennysheep_mini_moat, gammafunk_temple_overflow_forgotten,
          minmay_temple_entry_junction, portal_sewer_entry_e,
          grunt_qazlal_clouds, uniq_blork_the_orc, uniq_duvessa
D:5:      lemuel_doored_altar, grunt_gozag_statues
Sewer:    sewer_co_purgy_island

Table legend:
 A = Turns spent in this place as a percentage of turns spent in the entire game.
 B = Non-inter-level travel turns spent in this place as a percentage of non-inter-level travel turns spent in the entire game.
 C = Inter-level travel turns spent in this place as a percentage of turns spent in this place.
 D = Turns resting spent in this place as a percentage of non-inter-level travel turns spent in this place.
 E = Turns spent auto-exploring this place as a percentage of non-inter-level travel turns spent in this place.
 F = Non-inter-level travel turns spent in this place divided by the number of levels of this place that you've seen.
                   A       B       C       D       E      F
               +-------+-------+-------+-------+-------+----------------------
         Total | 100.0 | 100.0 |   0.3 |   2.1 |   5.4 | 436.7
       Dungeon |  96.1 |  96.1 |   0.3 |   2.1 |   5.6 | 503.6
         Sewer |   3.9 |   3.9 |   0.0 |   2.0 |   0.0 | 102.0
               +-------+-------+-------+-------+-------+----------------------

Table legend:
 A = Kills in this place as a percentage of kills in entire the game.
 B = Kills by you in this place as a percentage of kills by you in the entire game.
 C = Kills by friends in this place as a percentage of kills by friends in the entire game.
 D = Other kills in this place as a percentage of other kills in the entire game.
 E = Experience gained in this place as a percentage of experience gained in the entire game.
 F = Experience gained in this place divided by the number of levels of this place that you have seen.
                   A       B       C       D       E      F
               +-------+-------+-------+-------+-------+----------------------
         Total | 100.0 | 100.0 |  -nan |  -nan | 100.0 | 293.5
       Dungeon |  96.3 |  96.3 |  -nan |  -nan |  92.3 | 325.0
         Sewer |   3.7 |   3.7 |  -nan |  -nan |   7.7 | 136.0
               +-------+-------+-------+-------+-------+----------------------
